 Dungeon Crawl Stone Soup version 0.29-a0-322-g68df515428 (webtiles) character file.

Game seed: 12227861983528630943

7588 olourkin the Spear-Bearer (level 10, -15/85 HPs)
             Began as a Demonspawn Warper on Apr 7, 2022.
             Was a Believer of Qazlal.
             Hit by a large rock thrown by a cyclops (33 damage)
             ... on level 10 of the Dungeon.
             The game lasted 01:40:41 (12355 turns).

olourkin the Spear-Bearer (Demonspawn Warper)      Turns: 12355, Time: 01:40:44

Health: -15/85     AC: 16    Str: 19    XL:     10   Next: 97%
Magic:  6/13       EV: 12    Int: 19    God:    Qazlal [**....]
Gold:   178        SH:  3    Dex: 13    Spells: 5/13 levels left

rFire   . . .      SeeInvis .   a - +3 quarterstaff (chaos)
rCold   . . .      Faith    .   (shield currently unavailable)
rNeg    . . .      Spirit   .   o - +3 leather armour {rC+}
rPois   .          Reflect  .   (helmet restricted)
rElec   +          Harm     .   B - +2 cloak
rCorr   .          Rampage  .   P - +1 pair of gloves {infuse}
Will    .....                   (no boots)
Stlth   +.........              L - amulet of regeneration
HPRegen 1.04/turn               e - +4 ring of protection
MPRegen 0.13/turn               r - ring of Beniyfferhi {Wiz rElec rC- Str+5 Int+3}

@: on blink cooldown, studying Fighting
A: antennae 1, hooves 2, demonic magic 1, weakness stinger 1
a: Renounce Religion, Upheaval


You were on level 10 of the Dungeon.
You worshipped Qazlal.
Qazlal was pleased with you.
You visited 2 branches of the dungeon, and saw 11 of its levels.

You collected 440 gold pieces.
You spent 262 gold pieces at shops.

Inventory:

Hand Weapons
 a - a +3 quarterstaff of chaos (weapon)
 b - a +4 hunting sling
 l - a +1 glaive of distortion
 K - a +1 halberd
Missiles
 d - 6 boomerangs of dispersal
 i - 348 stones (quivered)
 s - 3 boomerangs
 I - 19 poisoned darts
 O - 7 atropa-tipped darts
Armour
 o - a +3 leather armour of cold resistance (worn)
 x - a scarf of resistance
 B - a +2 cloak (worn)
 M - a +2 ring mail of poison resistance
 P - a +1 pair of gloves of infusion (worn)
 Q - a +0 troll leather armour
Magical Staves
 u - a staff of conjuration
Jewellery
 e - a +4 ring of protection (left hand)
 p - a ring of ice
 r - the ring of Beniyfferhi (right hand) {Wiz rElec rC- Str+5 Int+3}
   (You acquired it on level 5 of the Dungeon)

   [ring of wizardry]

   It improves your spell success rate.
   Str:       It affects your strength (+5).
   Int:       It affects your intelligence (+3).
   rC:        It makes you vulnerable to cold.
   rElec:     It insulates you from electricity.
 t - a ring of resist corrosion
 w - a ring of positive energy
 y - a +6 ring of intelligence
 A - a +6 ring of strength
 F - an amulet of reflection
 G - a ring of poison resistance
 J - an amulet of guardian spirit
 L - an amulet of regeneration (around neck)
 N - a +6 ring of strength
Wands
 E - a wand of iceblast (9)
Scrolls
 c - 2 scrolls of blinking
 f - 2 scrolls of fog
 h - a scroll of holy word {unknown}
 m - 2 scrolls of identify
 z - a scroll of noise {unknown}
 C - a scroll of summoning
 H - 3 scrolls of teleportation
 R - a scroll of fear {unknown}
Potions
 g - 3 potions of flight
 j - 6 potions of curing
 k - a potion of might
 n - a potion of cancellation {unknown}
 q - a potion of haste
 v - 2 potions of attraction {!q}
 D - 2 potions of heal wounds


   Skills:
 + Level 10.0 Fighting
 * Level 11.1 Polearms
 + Level 3.0 Slings
 - Level 0.8(2.0) Throwing
 + Level 7.7 Armour
 - Level 1.7 Dodging
 - Level 2.0 Spellcasting
 + Level 4.2 Translocations


You had 5 spell levels left.
You knew the following spells:

 Your Spells              Type           Power      Damage    Failure   Level
b - Blink                 Tloc           34%        N/A       2%          2
u - Lesser Beckoning      Tloc           17%        N/A       4%          3
y - Teleport Other        Tloc           17%        N/A       4%          3

Your spell library contained the following spells:

 Spells                   Type           Power      Damage    Failure   Level
 Gell's Gravitas          Tloc           17%        N/A       4%          3
 Ozocubu's Armour         Ice            1%         N/A       22%         3
 Manifold Assault         Tloc           17%        N/A       34%         5
 Summon Forest            Summ/Tloc      4%         N/A       63%         5
 Metabolic Englaciation   Hex/Ice        0%         N/A       88%         5
 Conjure Ball Lightning   Conj/Air       0%         3x3d6     100%        6
 Eringya's Noxious Bog    Tmut/Pois      0%         N/A       100%        6
 Simulacrum               Ice/Necr       0%         N/A       100%        6
 Summon Hydra             Summ           0%         N/A       100%        7
 Discord                  Hex            0%         N/A       100%        8
 Disjunction              Tloc           8%         N/A       100%        8


Dungeon Overview and Level Annotations

Branches:
Dungeon (10/15)            Temple (1/1) D:7
   Lair: D:8-11         Orc: D:9-12

Altars:
Ashenzari
Qazlal
Ru
Wu Jian
The Shining One

Shops:
D:4 [   D:9 [


Innate Abilities, Weirdness & Mutations

You have a pair of small antennae on your head.
You have hoof-like feet.
Spells you cast may paralyse adjacent enemies.
You have a small tail.


Message History

You kick the two-headed ogre, but do no damage.
Your tail-slap misses the two-headed ogre.
The two-headed ogre is almost dead.
The two-headed ogre hits you with a +0 dire flail!
The two-headed ogre hits you with a +0 giant spiked club.
Casting: Blink (safe; 2% risk of failure)
Confirm with . or Enter, or press ? or * to list all spells.
You blink.
Malevolent energies surge around you.
b - a +4 hunting sling (weapon)
You shoot a sling bullet.
The sling bullet hits the two-headed ogre.
The two-headed ogre is almost dead.
You shoot a sling bullet.
The sling bullet hits the two-headed ogre.
The two-headed ogre is almost dead.
The two-headed ogre hits you but does no damage.
The two-headed ogre hits you with a +0 giant spiked club!
* * * LOW HITPOINT WARNING * * *
Casting: Blink (safe; 2% risk of failure)
Confirm with . or Enter, or press ? or * to list all spells.
You are still too unstable to blink.
Okay, then.
Your +3 quarterstaff of chaos is briefly surrounded by a scintillating aura of random colours.
a - a +3 quarterstaff of chaos (weapon)
You hit the two-headed ogre. You freeze the two-headed ogre.
You kick the two-headed ogre.
The two-headed ogre is almost dead.
You feel stable enough to blink again.
The two-headed ogre hits you with a +0 dire flail.
* * * LOW HITPOINT WARNING * * *
The two-headed ogre hits you with a +0 giant spiked club!!
* * * LOW HITPOINT WARNING * * *
Casting: Blink (safe; 2% risk of failure)
Confirm with . or Enter, or press ? or * to list all spells.
You blink.
A cyclops comes into view.
Malevolent energies surge around you.
The cyclops shouts!
The cyclops throws a large rock.
The large rock hits you!!
You die...

..# ### ..## #.# ....
... ..# #########....
..# #.# #............
..# #.####............
).# #.................
..#####.................
.))...........(.....C...
≈≈≈≈≈≈..........@.......
≈≈≈≈≈≈..................
####≈≈................#'
#≈≈.....O#'####....#
#≈≈....§.#.. ....#
#≈≈...°..# ....#
#≈≈......# ...#
#≈≈......# ...#
#≈≈......#


You could see a two-headed ogre (fast) and a cyclops.

Vanquished Creatures
  A black mamba (shapeshifter) (D:9)
  Maggie (D:8)
  An unseen horror (D:9)
  2 trolls (D:9)
  A hornet (D:9)
  Prince Ribbit (D:7)
  Sigmund (D:3)
  A shadow (D:8)
  A wyvern (D:8)
  Eustachio (D:6)
  7 yaks
  A golden eye (D:5)
  A steam dragon (D:8)
  Grum (D:8)
  2 water moccasins (D:8)
  A black bear (D:6)
  4 orc warriors (D:10)
  2 sky beasts
  An ogre (D:5)
  4 wolves (D:8)
  3 centaurs
  4 lemures
  3 phantoms (D:6)
  2 kobold brigands
  A bullfrog (D:8)
  A necrophage (D:5)
  A scorpion (D:5)
  A wight (D:8)
  9 killer bees
  A howler monkey (D:4)
  3 electric eels (D:10)
  Crazy Yiuf (D:5)
  9 orc priests
  3 gnoll shamans
  4 hounds
  2 jellies
  Terence (D:3)
  An iguana (D:5)
  13 orc wizards
  5 adders
  13 gnolls
  A shadow imp (D:5)
  A white imp (D:8)
  A dart slug (D:3)
  46 orcs
  6 ball pythons
  3 endoplasms
  A giant cockroach (D:2)
  3 hobgoblins
  6 jackals
  2 quokkas
  3 frilled lizards
  7 goblins
  7 kobolds
  5 rats
208 creatures vanquished.

Vanquished Creatures (others)
  An orc (D:10)
1 creature vanquished.

Grand Total: 209 creatures vanquished

Notes
Turn   | Place    | Note
-------+----------+-------------------------------------------
     0 | D:1      | olourkin the Demonspawn Warper began the quest for the Orb.
     0 | D:1      | Reached XP level 1. HP: 16/16 MP: 3/3
   149 | D:1      | Reached skill level 2 in Polearms
   149 | D:1      | Reached skill level 1 in Armour
   430 | D:1      | Found a faded altar of an unknown god.
   764 | D:1      | Discovered your monstrous ancestry.
   764 | D:1      | Gained mutation: You have a small tail. [demonic ancestry]
   764 | D:1      | Reached XP level 2. HP: 22/22 MP: 5/5
  1401 | D:1      | Reached XP level 3. HP: 23/27 MP: 6/6
  1701 | D:2      | Reached skill level 3 in Polearms
  2053 | D:2      | Found a sacrificial altar of Ru.
  2318 | D:3      | Noticed Terence
  2353 | D:3      | Killed Terence
  2354 | D:3      | Gained mutation: Spells you cast may paralyse adjacent
                  | enemies. [demonic ancestry]
  2354 | D:3      | Reached XP level 4. HP: 21/33 MP: 7/7
  3047 | D:3      | Noticed Sigmund
  3094 | D:3      | Killed Sigmund
  3095 | D:3      | Reached skill level 4 in Polearms
  3095 | D:3      | Gained mutation: You have large cloven feet. [demonic
                  | ancestry]
  3095 | D:3      | Reached XP level 5. HP: 10/38 MP: 8/8
  3095 | D:3      | Gained mutation: You have a pair of small antennae on your
                  | head. [demonic ancestry]
  3095 | D:3      | Reached XP level 6. HP: 12/44 MP: 9/9
  3592 | D:3      | Reached skill level 5 in Polearms
  4218 | D:4      | Learned a level 2 spell: Blink
  4284 | D:4      | Found Ziweimp's Armour Shoppe.
  4698 | D:5      | Entered Level 5 of the Dungeon
  4774 | D:5      | Noticed Pikel
  5526 | D:5      | Found a runed translucent door.
  5527 | D:5      | Noticed Crazy Yiuf
  5542 | D:5      | Killed Crazy Yiuf
  5712 | D:5      | Identified a scroll of acquirement
  5713 | D:5      | Acquired the ring of Beniyfferhi {Wiz rElec rC- Str+5
                  | Int+3}
  5721 | D:5      | Learned a level 3 spell: Teleport Other
  5834 | D:5      | Reached XP level 7. HP: 44/50 MP: 10/10
  5902 | D:5      | Noticed Pikel
  6060 | D:5      | Killed Pikel the golden eye
  6061 | D:5      | Reached skill level 6 in Polearms
  6730 | D:6      | Reached skill level 7 in Polearms
  6730 | D:6      | Reached XP level 8. HP: 44/58 MP: 11/11
  6907 | D:6      | Reached skill level 5 in Armour
  7687 | D:6      | Noticed Eustachio
  7700 | D:6      | Killed Eustachio
  7701 | D:6      | Reached skill level 5 in Fighting
  8054 | D:6      | Reached skill level 8 in Polearms
  8480 | D:7      | Found a staircase to the Ecumenical Temple.
  8885 | Temple   | Entered the Ecumenical Temple
  8898 | Temple   | Became a worshipper of Qazlal Stormbringer
  9168 | D:8      | Noticed Prince Ribbit
  9222 | D:7      | Gained mutation: You have hoof-like feet. [demonic
                  | ancestry]
  9222 | D:7      | Reached XP level 9. HP: 69/69 MP: 12/12
  9227 | D:7      | Learned a level 3 spell: Lesser Beckoning
  9292 | D:7      | Killed Prince Ribbit
  9369 | D:8      | Reached skill level 9 in Polearms
  9554 | D:8      | Noticed Maggie
  9597 | D:8      | Killed Maggie
  9688 | D:8      | Reached skill level 10 in Polearms
  9713 | D:8      | Noticed Grum
  9725 | D:8      | Killed Grum
  9726 | D:8      | Reached XP level 10. HP: 66/82 MP: 13/13
 10037 | D:8      | Reached * piety under Qazlal
 10463 | D:9      | Noticed a two-headed ogre
 10534 | D:9      | Noticed a black mamba
 10534 | D:9      | a water moccasin changed into a black mamba
 10550 | D:9      | Killed a black mamba
 10551 | D:9      | Reached skill level 1 in Slings
 11152 | D:9      | Found Gapu's Antique Armour Shop.
 11161 | D:9      | Bought a pair of embroidered gloves for 262 gold pieces
 11683 | D:10     | Entered Level 10 of the Dungeon
 11881 | D:10     | Reached skill level 11 in Polearms
 12051 | D:10     | Reached ** piety under Qazlal
 12123 | D:10     | Reached skill level 10 in Fighting
 12338 | D:10     | Noticed a two-headed ogre
 12355 | D:10     | Noticed a cyclops
 12355 | D:10     | Hit by a large rock thrown by a cyclops

Illustrated notes

Levels and vault maps discovered:
D:1:      onia_arrival_mini_maze_b, layout_basic, basic_ecumenical_altar,
          minmay_hexomino_f4
D:2:      layout_rooms, basic_altar
D:3:      layout_basic, corner_web_ring, minmay_misc_feat_hallway, uniq_terence,
          uniq_sigmund
D:4:      layout_loops_ring, mainiacjoe_overflow_cross_hatched, serial_shops,
          nicolae_shop_hallway_stairs, kennysheep_cross_bottleneck
D:5:      layout_loops_cross, ldierk_geyser, uniq_pikel, uniq_crazy_yiuf_cottage
D:6:      layout_basic, corexii_checkpoint_a, uniq_eustachio
D:7:      layout_loops_corners, minmay_temple_entry_statues
D:8:      layout_cave_pools, minmay_increasing_density, uniq_grum, uniq_maggie,
          uniq_prince_ribbit1
D:9:      layout_irregular_city, serial_shops, nicolae_shop_behind_doors
D:10:     layout_irregular_city, erik_orc_2, kennysheep_generic_room_2
Temple:   mainiacjoe_temple_circle_huts

Skill      XL: |  1  2  3  4  5  6  7  8  9 10 |
---------------+-------------------------------+-----
Polearms       | 2 3 4 5 7 8 10 11 | 11.1
Armour         | 1 2 3 4 5 7 |  7.7
Fighting       | 3 6 8 10 | 10.0
Translocations | 4 |  4.2
Slings         | 3 |  3.0
Throwing       | |  0.8
Dodging        | |  1.7
Spellcasting   | |  2.0

Action                   |  1- 3 |  4- 6 |  7- 9 | 10-12 || total
-------------------------+-------+-------+-------+-------++-------
Melee: Spear             |   109 |   224 |       |       ||   333
       Tailslap          |    11 |    26 |    20 |    16 ||    73
       Kick              |       |    23 |    48 |    43 ||   114
       Quarterstaff      |       |     4 |   241 |   170 ||   415
       Punch             |       |     1 |       |       ||     1
 Fire: Hunting sling     |       |       |     6 |   145 ||   151
Throw: Stone             |    53 |    40 |    99 |     7 ||   199
       Dart              |     3 |     5 |     3 |       ||    11
       Boomerang         |       |     1 |       |       ||     1
 Cast: Blink             |       |       |     3 |     4 ||     7
       Lesser Beckoning  |       |       |       |     2 ||     2
Evoke: Wand              |       |       |     7 |     1 ||     8
  Use: Scroll            |     1 |     4 |    10 |       ||    15
       Potion            |       |     5 |     2 |       ||     7
 Stab: Invisible         |     1 |       |       |       ||     1
       Sleeping          |       |     1 |       |       ||     1
       Confused          |       |       |     1 |       ||     1
       Paralysed         |       |       |     1 |     1 ||     2
Armor: Leather armour    |    47 |    83 |    97 |   115 ||   342
Dodge: Dodged            |    36 |   100 |   139 |   130 ||   405
Block: Other             |       |       |       |     9 ||     9

Table legend: (Time is in decaauts)
 A = Elapsed time spent in this place.
 B = Non-inter-level travel time spent in this place.
 C = Inter-level travel time spent in this place.
 D = Time resting spent in this place.
 E = Time spent auto-exploring this place.
 F = Levels seen in this place.
 G = Mean time per level.
                   A        B        C        D        E       F      G
               +--------+--------+--------+--------+--------+-----+--------+
         Total |  12376 |  11823 |    553 |   3493 |   5377 |  11 | 1125.1 |
       Dungeon |  12352 |  11808 |    544 |   3493 |   5373 |  10 | 1235.2 |
        Temple |     23 |     14 |      9 |      0 |      4 |   1 |   23.0 |
               +--------+--------+--------+--------+--------+-----+--------+

Top non-repeatable levels by time:
     D:3: 1902 daAuts
     D:6: 1629 daAuts
     D:1: 1328 daAuts
     D:7: 1305 daAuts
     D:5: 1302 daAuts
     D:9: 1150 daAuts
     D:8: 1142 daAuts
     D:4: 1007 daAuts
     D:2: 930 daAuts
    D:10: 654 daAuts
  Temple: 23 daAuts
